 Dungeon Crawl Stone Soup version 0.19.0-19-g8c6edcc (webtiles) character file.

272 nikopol the Skirmisher (level 6, 0/39 HPs)
             Began as a Gargoyle Berserker on Nov 14, 2016.
             Was a Priest of Trog.
             Slain by a phantom (5 damage)
             ... on level 4 of the Dungeon.
             The game lasted 00:08:30 (3719 turns).

nikopol the Skirmisher (Gargoyle Berserker)         Turns: 3719, Time: 00:08:31

Health: 0/39       AC: 10    Str: 21    XL:     6   Next: 23%
Magic:  6/6        EV: 12    Int:  7    God:    Trog [***...]
Gold:   99         SH:  0    Dex: 11    Spells: 0 memorised, 5 levels left

rFire  . . .     SeeInvis .     j - +0 whip (curse)
rCold  . . .     Gourm    .     t - +0 ring mail
rNeg   + . .     Faith    .     (no shield)
rPois  ∞         Spirit   .     (no helmet)
rElec  +         Reflect  .     (no cloak)
rCorr  .         Harm     .     (no gloves)
MR     .....                    (no boots)
Stlth  +.........               (no amulet)
                                (no ring)
                                (no ring)

@: no status effects
A: negative energy resistance 1, electricity resistance, unbreathing,
petrification resistance, rot immunity, AC +4
a: Berserk, Trog's Hand, Burn Spellbooks, Renounce Religion


You were on level 4 of the Dungeon.
You worshipped Trog.
Trog was most pleased with you.
You were hungry.

You visited 1 branch of the dungeon, and saw 4 of its levels.

You collected 99 gold pieces.

Inventory:

Hand Weapons
 a - a +0 hand axe
 j - a cursed +0 whip (weapon)
 r - a cursed -1 whip
Missiles
 d - 76 arrows (quivered)
Armour
 b - a +0 animal skin
 h - a +0 leather armour
 t - a +0 ring mail (worn)
Scrolls
 f - 2 scrolls of enchant weapon {unknown}
 g - 2 scrolls of teleportation {unknown}
 l - a scroll of immolation {unknown}
 q - a scroll of magic mapping {unknown}
 s - a scroll of recharging {unknown}
 u - a scroll of identify {unknown}
 x - a scroll of remove curse {unknown}
 y - a scroll of amnesia {unknown}
Potions
 e - a potion of curing {unknown}
 i - 2 potions of heal wounds {unknown}
 k - a potion of magic {unknown}
 m - 2 potions of brilliance {unknown}
 n - a potion of degeneration {unknown}
 z - a potion of ambrosia {unknown}
 A - a potion of mutation {unknown}
 C - 2 potions of flight {unknown}
Comestibles
 c - 3 bread rations
 o - a beef jerky
 p - 4 meat rations
 v - 3 fruits
 w - a slice of pizza
 B - a chunk of flesh


   Skills:
 + Level 4.5 Fighting
 - Level 2.9(3.3) Axes
 + Level 2.6(3.4) Maces & Flails
 + Level 4.1 Armour
 + Level 2.7 Dodging


You had 5 spell levels left.
You didn't know any spells.

Dungeon Overview and Level Annotations

Branches:
Dungeon (4/15)
 Temple: D:4-7

Altars:
Makhleb
Ru
Uskayaw


Innate Abilities, Weirdness & Mutations

You are resistant to torment.
Your stone body is resilient. (AC +4)
You are immune to poison.
You resist negative energy. (rN+)
You are resistant to electric shocks. (rElec)
You can survive without breathing.
You are immune to petrification.
You are immune to rotting.


Message History

The phantom is almost destroyed.
The phantom hits you.
* * * LOW HITPOINT WARNING * * *
You miss the phantom.
The phantom is almost destroyed.
The phantom blinks!
You closely miss the phantom.
The phantom is almost destroyed.
You hit the phantom.
The phantom is almost destroyed.
The phantom blinks!
The phantom hits you.
* * * LOW HITPOINT WARNING * * *
You hit the phantom.
The phantom is almost destroyed.
The phantom hits you but does no damage.
You barely miss the phantom.
The phantom is almost destroyed.
The phantom hits you.
You die...

## #.
#.#######
#...@W..#
#######.#
#.# #.#
#.# #.#
#.# #.#
#.#


You could see a phantom.

Vanquished Creatures
  A sky beast (D:3)
  A hound (D:4)
  Ijyb (D:3)
  3 adders
  An ooze (D:1)
  An adder zombie (D:4)
  2 worms (D:2)
  A dart slug (D:1)
  5 leopard geckos
  2 orcs (D:3)
  A ball python (D:1)
  5 giant cockroaches
  12 goblins
  10 hobgoblins
  A quokka (D:2)
  A ball python skeleton (D:3)
  10 bats
  4 frilled lizards
  A jackal skeleton (D:4)
  8 kobolds
  12 rats
83 creatures vanquished.

Notes
Turn   | Place    | Note
-------+----------+-------------------------------------------
     0 | D:1      | nikopol the Gargoyle Berserker began the quest for the Orb.
     0 | D:1      | Reached XP level 1. HP: 14/14 MP: 1/1
   127 | D:1      | Reached XP level 2. HP: 6/19 MP: 2/2
   709 | D:1      | Reached XP level 3. HP: 20/23 MP: 3/3
  1075 | D:1      | Reached skill level 1 in Maces & Flails
  1426 | D:2      | Reached XP level 4. HP: 25/29 MP: 4/4
  1588 | D:2      | Reached ** piety under Trog
  2340 | D:3      | Found a burning altar of Makhleb.
  2371 | D:3      | Found a hide-covered altar of Uskayaw.
  2543 | D:3      | Found a sacrificial altar of Ru.
  2909 | D:3      | Reached XP level 5. HP: 33/33 MP: 5/5
  2954 | D:3      | Noticed a sky beast
  3003 | D:3      | Killed a sky beast
  3326 | D:3      | Noticed Ijyb
  3342 | D:3      | Reached *** piety under Trog
  3430 | D:3      | Killed Ijyb
  3430 | D:3      | Reached XP level 6. HP: 39/39 MP: 6/6
  3622 | D:4      | Noticed a phantom
  3719 | D:4      | Slain by a phantom

Skill      XL: |  1  2  3  4  5 |
---------------+----------------+-----
Maces & Flails | 1 2 |  2.6
Dodging        | 2 |  2.7
Armour         | 3 4 |  4.1
Fighting       | 4 |  4.5
Axes           | |  2.9

Action                   |  1- 3 |  4- 6 || total
-------------------------+-------+-------++-------
Melee: Hand axe          |    42 |       ||    42
       Whip              |    78 |   385 ||   463
Invok: Berserk           |       |     1 ||     1
  Eat: Chunk             |     2 |     8 ||    10
Armor: Leather armour    |    38 |    17 ||    55
       Animal skin       |     2 |       ||     2
       Ring mail         |       |   148 ||   148
Dodge: Dodged            |    77 |   193 ||   270
